AoeStats
← m0NOSY

Arabia

509027584Analyzed
1v1 RM · 8d ago on Sep 25, 2026· 22m 16s· 2 players
Game mode
Random Map
Map size
Tiny (2 player)
Population
200
Speed
Normal
Resources
Standard
Victory
Conquest
Starting age
Dark Age
Ending age
Imperial Age
RankedLock teamsTeams togetherTeam positionsShared explorationLock speedFull tech treeHidden civsTurbo modeCheats
Victory
Defeat
🇺🇸 Spanish · United States
775
+17
🇦🇷 Mongols · Argentina
786
-43
cecm111
5:51 Loom
12:13 Feudal Age
15:34 Stone Mining
18:31 Castle Age
16:49 Double-Bit Axe
19:43 Forging
m0NOSY
10:08 Feudal Age
15:34 Double-Bit Axe
Connection lost

Rejoining the realm…

Still unreachable

The connection could not be restored.

Session expired

The server has moved on; the page needs a fresh start.